 Dungeon Crawl Stone Soup version 0.23-a0-393-g6e9e0f2 (webtiles) character file.

873 Garbasso the Cutter (level 8, -8/54 HPs)
             Began as a Halfling Warper on Oct 31, 2018.
             Was an Initiate of Okawaru.
             Mangled by an orc warrior
             ... wielding a +0 flail
              (23 damage)
             ... on level 5 of the Dungeon.
             The game lasted 00:25:45 (5581 turns).

Garbasso the Cutter (Halfling Warper)               Turns: 5581, Time: 00:25:46

Health: -8/54      AC:  8    Str: 14    XL:     8   Next: 24%
Magic:  8/10       EV: 16    Int: 11    God:    Okawaru [......]
Gold:   246        SH:  0    Dex: 14    Spells: 6/10 levels left

rFire    + . .     SeeInvis .   o - +3 dagger (elec)
rCold    . . .     Gourm    .   (shield restricted)
rNeg     . . .     Faith    .   D - +1 ring mail {rF+}
rPois    +         Spirit   .   y - +2 hat
rElec    .         Reflect  .   (no cloak)
rCorr    .         Harm     .   (no gloves)
MR       .....                  (no boots)
Stlth    +.........             (no amulet)
HPRegen  0.18/turn              i - +2 ring of evasion
MPRegen  0.12/turn              l - ring of poison resistance

@: no status effects
A: small, mutation resistance 1
a: Renounce Religion


You were on level 5 of the Dungeon.
You worshipped Okawaru.
Okawaru was noncommittal.
You were not hungry.

You visited 2 branches of the dungeon, and saw 7 of its levels.

You collected 246 gold pieces.

Inventory:

Hand Weapons
 o - a +3 dagger of electrocution (weapon)
 u - a +1 short sword of holy wrath
Missiles
 k - 184 stones (quivered)
 x - 34 sling bullets
Armour
 y - a +2 hat (worn)
 z - the +0 robe of Utuc {Regen+}
   (You found it on level 5 of the Dungeon)

   It increases your rate of regeneration.
 D - a +1 ring mail of fire resistance (worn)
Jewellery
 i - a +2 ring of evasion (left hand)
 l - a ring of poison resistance (right hand)
 q - a cursed amulet of inaccuracy {unknown}
 E - an uncursed ring of protection from fire {unknown}
Scrolls
 a - a scroll of amnesia {unknown}
 d - 3 scrolls of blinking
 g - a scroll of identify
 p - a scroll of enchant armour
 r - a scroll of remove curse
 s - a scroll of fog {unknown}
 t - 3 scrolls of fear
 F - a scroll of magic mapping {unknown}
Potions
 b - a potion of cancellation {unknown}
 c - 3 potions of heal wounds
 h - 2 potions of curing {unknown}
 j - a potion of resistance {unknown}
 m - 2 potions of flight {unknown}
 n - a potion of might {unknown}
 w - 2 potions of mutation
 A - a potion of berserk rage {unknown}
 C - a potion of brilliance {unknown}
Comestibles
 f - 4 rations


   Skills:
 * Level 4.4 Fighting
 + Level 6.1 Short Blades
 - Level 1.0 Throwing
 + Level 1.2 Armour
 - Level 3.5 Dodging
 - Level 1.5 Spellcasting
 - Level 2.3 Charms
 - Level 6.0 Translocations


You had 6 spell levels left.
You knew the following spells:

 Your Spells              Type           Power        Failure   Level  Hunger
a - Blink                 Tloc           N/A          9%          2    ###....
b - Shroud of Golubria    Chrm/Tloc      ##........   17%         2    ###....

Your spell library contained the following spells:

 Spells                   Type           Power        Failure   Level  Hunger
 Gell's Gravitas          Tloc           ##........   16%         3    ####...
 Lesser Beckoning         Tloc           ##........   16%         3    ####...
 Teleport Other           Tloc           ##......     16%         3    ####...
 Passage of Golubria      Tloc           N/A          47%         4    #####..


Dungeon Overview and Level Annotations

Branches:
Dungeon (6/15)             Temple (1/1) D:5

Altars:
Ashenzari
Elyvilon
Fedhas
Hepliaklqana
Okawaru
Qazlal
Trog
Yredelemnul

Shops:
D:4 [   D:5 (

Annotations:
D:3 3 runed doors, Garbasso's ghost, weakling DrTm


Innate Abilities, Weirdness & Mutations

You are small and have problems with some larger weapons.
You are somewhat resistant to further mutation.


Message History

The orc warrior hits you with a +0 flail.
* * * LOW HITPOINT WARNING * * *
Throwing (i - inventory)
k - 185 stones (quivered)
Press: ? - help, Shift-Dir - straight line, f/p - orc warrior
Aim: an orc warrior, wielding a +0 flail and wearing a +0 chain mail (heavily You throw a stone.
The stone hits the orc warrior but does no damage.
The orc warrior is heavily wounded.
You see here a tomahawk.
Casting: Blink (safe; 9% risk of failure)
Confirm with . or Enter, or press ? or * to list all spells.
Space distorts slightly along a thin shroud covering your body.
The orc warrior hits you with a +0 flail.
* * * LOW HITPOINT WARNING * * *
You hit the orc warrior but do no damage.
The orc warrior is heavily wounded.
You hit the orc warrior but do no damage.
The orc warrior is moderately wounded.
The orc warrior hits you with a +0 flail!!
You die...

......####........(....# ####...
......# #.......<####(#######..#
......# #......#.## #.##....#...
......# #......#..# #.##.......#
......####......##.###.##.....#.#
####(...........##..#............
#............###.#..#######.##
#...........(###....# #...
#.......####.@o.....# ###.
####.......# #........# #.
.....^.....####........# #.
.###...................# ######.
.≈≈≈≈≈.................####......
.≈###≈#####...............#......
..'∩#≈# #####.....#..##.#......
#≈###≈# #######..##.#......
#≈≈≈≈≈# #.....#......


You could see an orc warrior.

Vanquished Creatures
  Grinder (D:4)
  An ogre (D:3)
  2 bullfrogs
  A scorpion (D:5)
  A howler monkey (D:4)
  3 crimson imps
  A centaur zombie (D:6)
  A hound (D:4)
  2 worker ants (D:4)
  A hound skeleton (D:5)
  9 adders
  An ooze (D:3)
  2 worms
  A dart slug (D:1)
  4 leopard geckos
  5 orcs
  5 giant cockroaches
  5 hobgoblins (D:2)
  A jackal (D:4)
  3 quokkas
  6 bats
  5 frilled lizards
  10 goblins
  A jackal skeleton (D:5)
  5 kobolds
  A leopard gecko skeleton (D:3)
  6 rats
84 creatures vanquished.

Vanquished Creatures (others)
  A giant cockroach (D:2)
  A goblin (D:2)
  A kobold (D:2)
3 creatures vanquished.

Grand Total: 87 creatures vanquished

Notes
Turn   | Place    | Note
-------+----------+-------------------------------------------
     0 | D:1      | Garbasso the Halfling Warper began the quest for the Orb.
     0 | D:1      | Reached XP level 1. HP: 14/14 MP: 3/3
   173 | D:1      | Reached XP level 2. HP: 19/19 MP: 4/4
   266 | D:1      | Learned a level 2 spell: Blink
   787 | D:2      | Learned a level 2 spell: Shroud of Golubria
   811 | D:2      | Reached XP level 3. HP: 24/24 MP: 5/5
  1369 | D:2      | Reached XP level 4. HP: 26/29 MP: 3/6
  2115 | D:3      | Found a runed gate.
  2115 | D:3      | Found a runed gate.
  2115 | D:3      | Found a runed gate.
  2183 | D:3      | Noticed Garbasso's ghost (weakling DrTm)
  2244 | D:3      | Noticed a bullfrog
  2267 | D:3      | Killed a bullfrog
  2267 | D:3      | Reached XP level 5. HP: 27/34 MP: 4/7
  2836 | D:4      | Reached XP level 6. HP: 41/41 MP: 8/8
  2837 | D:4      | Noticed Grinder
  2838 | D:4      | Noticed an ogre
  2842 | D:4      | Paralysed by Grinder for 5 turns
  2846 | D:4      | HP: 2/41 [ogre/+0 giant club (7)]
  3099 | D:3      | Killed an ogre
  3099 | D:3      | Reached skill level 5 in Translocations
  3200 | D:4      | Found Joigamem's Antique Armour Shop.
  3239 | D:4      | Paralysed by Grinder for 2 turns
  3253 | D:4      | HP: 2/41 [Grinder/nerve-wracking pain (12)]
  3555 | D:4      | Killed Grinder
  3555 | D:4      | Reached skill level 5 in Short Blades
  3555 | D:4      | Reached XP level 7. HP: 44/46 MP: 9/9
  3637 | D:4      | Reached skill level 1 in Charms
  3814 | D:4      | Found a bloodstained altar of Trog.
  3909 | D:4      | Found a stormy altar of Qazlal.
  4440 | D:5      | Entered Level 5 of the Dungeon
  4446 | D:5      | Found a staircase to the Ecumenical Temple.
  4454 | Temple   | Entered the Ecumenical Temple
  4526 | Temple   | Became a worshipper of Warmaster Okawaru
  4696 | D:5      | Got a crude robe
  4707 | D:5      | Identified the cursed +0 robe of Utuc {Regen+} (You found
                  | it on level 5 of the Dungeon)
  4851 | D:5      | Found Ritiah's Weapon Shop.
  4932 | D:5      | Reached XP level 8. HP: 43/54 MP: 10/10
  5581 | D:5      | Mangled by an orc warrior

Vault maps used:
D:1:      ncdulo_halloftheorcs
D:2:      lemuel_old_faithful
D:3:      gammafunk_ghost_icy
D:4:      old_standard_altar, bloody_trog, first_ration, serial_shops,
          nicolae_shop_overgrown_old_shop, minmay_misc_feat_doors,
          serial_park_tiny_pond, minmay_close_crescents, uniq_grinder
D:5:      minmay_temple_entry_overgrown, serial_shops, kennysheep_mini_moat,
          gup_sewer_entry_spiral
D:6:      grunt_temple_overflow_lords_of_destruction,
          minmay_overflow_temple_hex, minmay_misc_feat_tower,
          kennysheep_decorative_pillar, minmay_ruffians
Temple:   minmay_temple_curvy_loop

Skill      XL: |  1  2  3  4  5  6  7  8 |
---------------+-------------------------+-----
Short Blades   | 3 4 5 6 |  6.1
Dodging        | 3 |  3.5
Fighting       | 2 3 4 |  4.4
Translocations | 4 6 |  6.0
Charms         | 1 2 |  2.3
Throwing       | |  1.0
Armour         | |  1.2
Spellcasting   | |  1.5

Action                   |  1- 3 |  4- 6 |  7- 9 || total
-------------------------+-------+-------+-------++-------
Melee: Short sword       |    38 |       |       ||    38
       Dagger            |    81 |   133 |   128 ||   342
Throw: Stone             |     9 |       |    17 ||    26
       Tomahawk          |       |       |     8 ||     8
 Cast: Shroud of Golubri |     3 |     5 |     4 ||    12
       Blink             |       |     4 |     3 ||     7
  Use: Scroll            |       |       |     9 ||     9
 Stab: Sleeping          |       |       |     1 ||     1
  Eat: Chunk             |     2 |     4 |     4 ||    10
       Ration            |       |     1 |     1 ||     2
Armor: Leather armour    |    17 |    17 |     5 ||    39
       Ring mail         |       |       |     3 ||     3
       Robe              |       |       |     2 ||     2
Dodge: Dodged            |    84 |   121 |    67 ||   272

Table legend:
 A = Non-vault XP
 B = Vault XP
 C = Vault XP percentage of total XP
 D = Non-vault monster count
 E = Vault monster count
 F = Vault count percentage of total count
                 A         B        C        D         E       F
            +---------+---------+-------+---------+---------+-------
      Total |     913 |     335 |  26.8 |      73 |      11 |  13.1
            +---------+---------+-------+---------+---------+-------
        D:1 |      18 |       0 |   0.0 |      10 |       0 |   0.0
        D:2 |      75 |       0 |   0.0 |      22 |       0 |   0.0
        D:3 |     265 |       0 |   0.0 |      20 |       0 |   0.0
        D:4 |     271 |     302 |  52.7 |      14 |       5 |  26.3
        D:5 |     148 |      33 |  18.2 |       5 |       6 |  54.5
        D:6 |     136 |       0 |   0.0 |       2 |       0 |   0.0
            +---------+---------+-------+---------+---------+-------
